 Dungeon Crawl Stone Soup version 0.27.1-33-g824d729ab1 (webtiles) character file.

Game seed: 14713286533550093185

137 belegose the Sneak (level 5, 0/45 HPs)
             Began as a Ghoul Brigand on Dec 10, 2021.
             Slain by a scorpion (3 damage)
             ... on level 3 of the Dungeon.
             The game lasted 00:06:39 (4008 turns).

belegose the Sneak (Ghoul Brigand)                  Turns: 4008, Time: 00:06:40

Health: 0/45       AC:  5    Str: 15    XL:     5   Next: 20%
Magic:  4/4        EV: 12    Int:  6    God:
Gold:   170        SH:  0    Dex: 11    Spells: 4/4 levels left

rFire    . . .     SeeInvis .   a - +3 dagger
rCold    + . .     Faith    .   (no shield)
rNeg     + + +     Spirit   .   b - +0 robe
rPois    ∞         Reflect  .   (no helmet)
rElec    .         Harm     .   t - +0 cloak
rCorr    .         Rampage  .   s - +0 pair of gloves
Will     .....                  n - +0 pair of boots
Stlth    +++.......             g - amulet of the acrobat
HPRegen  0.00/turn              (no ring)
MPRegen  0.09/turn              (no ring)

@: inhibited regen
A: claws 1, cold resistance 1, negative energy resistance 3, inhibited
regeneration, torment resistance 2
a: no special abilities


You were on level 3 of the Dungeon.
You visited 1 branch of the dungeon, and saw 4 of its levels.

You collected 170 gold pieces.

Inventory:

Hand Weapons
 a - a +3 dagger (weapon)
Missiles
 c - 3 boomerangs
 d - 15 poisoned darts (quivered)
 e - a curare-tipped dart
 p - 105 stones
Armour
 b - a +0 robe (worn)
 n - a +0 pair of boots (worn)
 s - a +0 pair of gloves (worn)
 t - a +0 cloak (worn)
Jewellery
 g - an amulet of the acrobat (around neck)
Scrolls
 f - 2 scrolls of teleportation {unknown}
 i - a scroll of blinking {unknown}
 k - a scroll of immolation {unknown}
 l - a scroll of fear {unknown}
 m - a scroll of identify {unknown}
 q - 3 scrolls of vulnerability {unknown}
Potions
 h - 2 potions of mutation {unknown}
 j - a potion of ambrosia {unknown}
 o - a potion of haste {unknown}
 r - a potion of curing {unknown}
 u - a potion of berserk rage {unknown}


   Skills:
 + Level 3.2 Fighting
 + Level 2.6 Short Blades
 + Level 2.5 Throwing
 + Level 2.0 Dodging
 + Level 5.1 Stealth


You had 4 spell levels left.
You didn't know any spells.
Your spell library contained the following spells:

 Spells                   Type           Power      Damage    Failure   Level
 Slow                     Hex            0%         N/A       58%         2
 Animate Armour           Summ/Erth      0%         N/A       99%         4
 Fulminant Prism          Conj/Hex       0%         3d6       99%         4


Dungeon Overview and Level Annotations

Branches:
Dungeon (4/15)
 Temple: D:4-7

Altars:
Xom

Annotations:
D:3 2 runed translucent doors, SensoryNuts's ghost, amateur DsGl


Innate Abilities, Weirdness & Mutations

You thrive by killing the living.
You are immune to poison.
You have sharp fingernails.
Your flesh is cold resistant. (rC+)
You are immune to negative energy. (rN+++)
You do not regenerate when monsters are visible.
You are immune to unholy pain and torment.


Message History

The scorpion is severely wounded.
The scorpion misses you.
You closely miss the scorpion.
The scorpion is severely wounded.
The scorpion barely misses you.
You hit the scorpion but do no damage.
The scorpion is severely wounded.
The scorpion stings you.
You hit the scorpion but do no damage.
The scorpion is severely wounded.
The scorpion stings you!
You hit the scorpion but do no damage.
The scorpion is severely wounded.
The scorpion closely misses you.
You hit the scorpion but do no damage.
The scorpion is severely wounded.
The scorpion barely misses you.
You hit the scorpion.
The scorpion is severely wounded.
The scorpion stings you.
* * * LOW HITPOINT WARNING * * *
You hit the scorpion.
The scorpion is almost dead.
The scorpion stings you.
* * * LOW HITPOINT WARNING * * *
Unknown command.
Throw: 17 darts (poison)
Press: ? - help, Q - select action, (/) - cycle Shift-Dir - straight line, f - scorpion
Aim: a scorpion (almost dead, 57% to hit)
You throw a poisoned dart.
The poisoned dart barely misses the scorpion.
The scorpion stings you.
* * * LOW HITPOINT WARNING * * *
Throw: 16 darts (poison)
Press: ? - help, Q - select action, (/) - cycle Shift-Dir - straight line, f/p - scorpion
Aim: a scorpion (almost dead, 57% to hit)
You throw a poisoned dart.
The poisoned dart barely misses the scorpion.
The scorpion stings you.
You die...

#.##.#.##.#.#.# #.######.###
#.##.#........# #.# #.#
#.##.####.#...# ##.## #.#
#.##.# #.#...######.†.#####.#
#.##.####....................#
#.............######...#######
####.#######..## ##.## #.#
##<#.######.# ####.##
#.###@s.....# #.....##
##.#)######## #......# #..##
#.....## #.## ##.#.## #.#
##### #.### #.# #...# #.#
####.# ###...# #.### #....#
#...... ##...#
#.################......


You could see a scorpion.

Vanquished Creatures
  Terence (D:3)
  3 adders
  4 worms
  4 orcs (D:3)
  4 bats
  5 endoplasms
  A giant cockroach (D:3)
  4 goblins
  6 hobgoblins
  5 jackals (D:1)
  9 kobolds
  2 quokkas (D:1)
  8 ball pythons
  3 frilled lizards
  5 rats
64 creatures vanquished.

Vanquished Creatures (others)
  A kobold (D:2)
1 creature vanquished.

Grand Total: 65 creatures vanquished

Notes
Turn   | Place    | Note
-------+----------+-------------------------------------------
     0 | D:1      | belegose the Ghoul Brigand began the quest for the Orb.
     0 | D:1      | Reached XP level 1. HP: 17/17 MP: 0/0
    43 | D:1      | Reached skill level 1 in Dodging
   154 | D:1      | Reached XP level 2. HP: 25/25 MP: 1/1
   428 | D:1      | Found a faded altar of an unknown god.
  1002 | D:2      | Reached XP level 3. HP: 30/30 MP: 2/2
  1430 | D:2      | Found a shimmering altar of Xom.
  2349 | D:3      | Found a runed translucent door.
  2352 | D:3      | Noticed SensoryNuts's ghost (amateur DsGl)
  2383 | D:3      | Reached XP level 4. HP: 37/37 MP: 3/3
  2806 | D:3      | Found a runed translucent door.
  3147 | D:3      | Got the Reference Book on Fetching Summoning
  3552 | D:3      | Reached skill level 5 in Stealth
  3660 | D:3      | Noticed Terence
  3669 | D:3      | Killed Terence
  3670 | D:3      | Reached XP level 5. HP: 14/45 MP: 4/4
  4008 | D:3      | Slain by a scorpion

Illustrated notes

Levels and vault maps discovered:
D:1:      dpeg_arrival_short_road, layout_basic,
          hellmonk_ecumenical_altar_zigzags
D:2:      layout_basic, basic_altar, lemuel_flame_loot_1
D:3:      layout_loops_ring, ebering_ghost_sewer_f, kennysheep_generic_room_10,
          uniq_terence
D:4:      layout_cave_pods, mainiacjoe_overflow_boulevard,
          minmay_temple_entry_tees, patterned_corridor

Skill      XL: |  1  2  3  4 |
---------------+-------------+-----
Dodging        | 1 2 |  2.0
Short Blades   | 2 |  2.6
Throwing       | 2 |  2.5
Fighting       | 3 |  3.2
Stealth        | 5 |  5.1

Action                   |  1- 3 |  4- 6 || total
-------------------------+-------+-------++-------
Melee: Dagger            |   154 |   113 ||   267
Throw: Dart              |       |     6 ||     6
 Stab: Sleeping          |     8 |     7 ||    15
Armor: Robe              |    37 |    21 ||    58
Dodge: Dodged            |   106 |    63 ||   169
